 Dungeon Crawl Stone Soup version 0.32-a0-675-gdc239d62e1 (webtiles) character file.

Game seed: 1992837236283748830

616 cforsyth the Grave Robber (level 7, 0/59 HPs)
             Began as a Mountain Dwarf Necromancer on Mar 11, 2024.
             Slain by a sky beast (4 damage)
             ... on level 6 of the Dungeon.
             The game lasted 00:09:36 (5061 turns).

cforsyth the Grave Robber (MDNe)                    Turns: 5061, Time: 00:09:36

Health: 0/59       AC:  1    Str: 13    XL:     7   Next: 21%
Magic:  9/9        EV: 11    Int: 21    God:
Gold:   276        SH:  0    Dex: 10    Spells: 8/9 levels left

rFire   + . .        k - +0 hand axe
rCold   + . .        (no shield)
rNeg    . . .        (no body armour)
rPois   .            (no helmet)
rElec   .            o - scarf {rC+ rF+}
rCorr   .            i - +0 pair of gloves
SInv    +            (no boots)
Will    .....        (no amulet)
Stlth   ++           I - +6 ring of intelligence
HPRegen 0.29/turn    v - ring of see invisible
MPRegen 0.11/turn

%: no passive effects
@: mighty, brilliant
A: runic magic, artefact enchanting
a: no special abilities


You were on level 6 of the Dungeon.
You visited 1 branch of the dungeon, and saw 4 of its levels.
You also visited: Sewer and Ossuary.

You collected 276 gold pieces.


Innate Abilities, Weirdness & Mutations

Your spellcasting is much less encumbered by armour.
You can use scrolls of enchantment on lesser artefacts.


   Skills:
 + Level 4.3 Fighting
 + Level 4.1 Axes
 + Level 3.6 Armour
 - Level 1.3 Dodging
 - Level 1.4 Stealth
 - Level 1.7 Spellcasting
 + Level 6.3 Necromancy


You had 8 spell levels left.
You knew the following spells:

 Your Spells              Type           Power      Damage    Failure   Level
X - Necrotise             Necr           100%       1d9       1%          1

Your spell library contained the following spells:

 Spells                   Type           Power      Damage    Failure   Level
 Vampiric Draining        Necr           42%        2d9       3%          3
 Animate Dead             Necr           42%        N/A       11%         4
 Shock                    Conj/Air       8%         1d3       16%         1
 Curse of Agony           Necr           42%        N/A       30%         5
 Swiftness                Air            2%         N/A       41%         3
 Airstrike                Air            1%         2d(1-17)  83%         4

Inventory:

Hand Weapons
 c - a +0 dagger
 g - a +1 whip of venom
 k - a +0 hand axe (weapon)
Armour
 a - a +0 chain mail
 i - a +0 pair of gloves (worn)
 j - a +0 scale mail
 o - a scarf of resistance (worn)
Jewellery
 v - a ring of see invisible (right hand)
 F - a ring of protection from fire
 I - a +6 ring of intelligence (left hand)
 L - a ring of flight
Scrolls
 d - 2 scrolls of revelation
 h - 6 scrolls of identify {unknown}
 q - a scroll of poison {unknown}
 r - a scroll of enchant armour {unknown}
 s - a scroll of brand weapon {unknown}
 t - a scroll of fear {unknown}
 u - 3 scrolls of teleportation {unknown}
 w - a scroll of noise {unknown}
 y - a scroll of immolation {unknown}
 z - a scroll of vulnerability {unknown}
Potions
 b - a potion of magic
 l - a potion of curing {@q1}
 m - 2 potions of attraction {unknown}
 x - a potion of mutation {unknown}
Miscellaneous
 p - a condenser vane (inert)

Dungeon Overview and Level Annotations

Branches:
Dungeon (6/15)              Sewer (visited)         Ossuary (visited)
 Temple: D:4-7

Altars:
Cheibriados

#...########...#.......
#...'.....#....+.......
##..#.....##..##.###..#
##..#.....######.###?.#
#...##....##..........#
#...##....##..........#
##........##...########
#.........##...##
#...##....@Y....#
##..##....##....#
#...########....# ###
#....# ######
#.######...#
#.....##..##
#.....##..#
^.....##..##
.......#...#


You could see a sky beast.


Message History

(? for menu, Esc to cancel) < or
I - a +6 ring of intelligence; > or
L - a ring of flight You remove your ring of flight.
You float gracefully downwards.
Something hits you.
* * * LOW HITPOINT WARNING * * *
Something shocks you.
* * * LOW HITPOINT WARNING * * *
Reactivating autopickup.
v - a ring of see invisible (right hand) Unknown command.
You barely miss the sky beast. The sky beast barely misses you.
You hit the sky beast but do no damage. The sky beast barely misses you.
The sky beast closely misses you.
You hit the sky beast.
The sky beast is lightly wounded.
The sky beast flickers out of sight for a moment.
The sky beast hits you.
* * * LOW HITPOINT WARNING * * *
The sky beast shocks you.
* * * LOW HITPOINT WARNING * * *
It was a potion of brilliance.
You feel clever all of a sudden. The sky beast hits you.
* * * LOW HITPOINT WARNING * * *
The sky beast shocks you.
* * * LOW HITPOINT WARNING * * *
It was a potion of might.
You feel very mighty all of a sudden. The sky beast hits you.
You die...

Skill      XL: |  1  2  3  4  5  6  7 |
---------------+----------------------+-----
Fighting       | 1 2 3 4 |  4.3
Necromancy     | 5 6 |  6.3
Armour         | 1 2 3 |  3.6
Axes           | 1 2 3 4 |  4.1
Dodging        | |  1.3
Stealth        | |  1.4
Spellcasting   | |  1.7

Action                     |  1- 3 |  4- 6 |  7- 9 || total
---------------------------+-------+-------+-------++-------
  Melee: Unarmed           |     4 |       |       ||     4
         Dagger            |    15 |       |       ||    15
         Whip              |    15 |     3 |       ||    18
         Hand axe          |     8 |   151 |    50 ||   209
   Cast: Necrotise         |    73 |    75 |    10 ||   158
  Evoke: Condenser vane    |       |       |     1 ||     1
    Use: Scroll            |     3 |       |       ||     3
         Potion            |       |     4 |     5 ||     9
   Stab: Sleeping          |       |     1 |       ||     1
 Armour: Robe              |    14 |       |       ||    14
         Chain mail        |    28 |   168 |       ||   196
         Scale mail        |    16 |       |       ||    16
         Skin              |       |    69 |    43 ||   112
  Dodge: Dodged            |    29 |    91 |    31 ||   151

Levels and vault maps discovered:
D:1:      amcnicky_arrival_choice, layout_rooms, minmay_tree_intersection
D:2:      layout_loops_corners, serial_forest, infiniplex_forest_clump_long,
          infiniplex_forest_lined_1, infiniplex_forest_corner_1,
          infiniplex_forest_clump_tiny, infiniplex_forest_end_2,
          infiniplex_forest_lined_2, infiniplex_forest_side_room,
          infiniplex_forest_end_1
D:3:      layout_loops_ring, portal_sewer_entry_a
D:6:      layout_gridville, overflow_temple_1_default,
          nicolae_overflow_crystal_walls, lemuel_zombie_altar_kikubaaqudgha,
          lemuel_round_altar, nicolae_ossuary_entry_false_entrances

Notes
Turn   | Place    | Note
-------+----------+-------------------------------------------
     0 | D:1      | cforsyth the Mountain Dwarf Necromancer began the quest for
                  | the Orb.
     0 | D:1      | Reached XP level 1. HP: 14/14 MP: 3/3
   106 | D:1      | Reached skill level 1 in Fighting
   183 | D:1      | Reached XP level 2. HP: 23/23 MP: 1/4
   770 | D:1      | Reached skill level 2 in Fighting
   770 | D:1      | Reached skill level 5 in Necromancy
   770 | D:1      | Reached XP level 3. HP: 29/29 MP: 0/5
  2211 | D:3      | Identified a scarf of resistance
  2250 | D:3      | Found a glowing drain.
  2265 | D:3      | Reached skill level 1 in Armour
  2276 | D:3      | Reached skill level 1 in Axes
  2333 | Sewer    | Entered a sewer
  2347 | Sewer    | Reached XP level 4. HP: 37/37 MP: 2/6
  2736 | Sewer    | Noticed a bullfrog
  2743 | Sewer    | Killed a bullfrog
  2744 | Sewer    | Reached skill level 3 in Fighting
  2744 | Sewer    | Reached skill level 2 in Axes
  2744 | Sewer    | Reached skill level 2 in Armour
  2744 | Sewer    | Reached XP level 5. HP: 28/45 MP: 0/7
  3656 | D:3      | You are sucked into a shaft and drop 3 floors!
  3658 | D:6      | Found a sand-covered staircase.
  3662 | Ossuary  | Entered an ossuary
  3715 | Ossuary  | Reached XP level 6. HP: 42/51 MP: 8/8
  3770 | Ossuary  | Reached skill level 3 in Axes
  4079 | Ossuary  | Reached skill level 3 in Armour
  4079 | Ossuary  | Reached skill level 6 in Necromancy
  4255 | Ossuary  | HP: 3/52 [centaur zombie (3)]
  4280 | Ossuary  | Reached skill level 4 in Fighting
  4280 | Ossuary  | Reached XP level 7. HP: 21/59 MP: 9/9
  4462 | Ossuary  | HP: 4/59 [burial acolyte/a malign offering (9)]
  4470 | Ossuary  | Reached skill level 4 in Axes
  4621 | Ossuary  | HP: 3/59 [mummy (15)]
  4879 | D:6      | Found a snail-covered altar of Cheibriados.
  5060 | D:6      | HP: 4/59 [sky beast (5)]
  5061 | D:6      | Slain by a sky beast

Vanquished Creatures
  A weeping skull (Ossuary)
  A bullfrog (Sewer)
  An elf zombie (Ossuary)
  2 burial acolytes (Ossuary)
  2 centaur zombies (Ossuary)
  6 hound zombies (Ossuary)
  2 mummies (Ossuary)
  4 adders (Sewer)
  A river rat (D:3)
  A white imp (D:6)
  A ribbon worm (D:2)
  7 dart slugs
  8 bats
  2 endoplasms
  10 giant cockroaches
  7 gnoll zombies (Ossuary)
  6 goblins
  4 hobgoblins
  3 jackals (D:3)
  3 quokkas (D:1)
  12 ball pythons
  12 frilled lizards
  6 kobolds
  5 rats
107 creatures vanquished.

Vanquished Creatures (collateral kills)
  2 dart slugs (Sewer)
  A goblin (D:1)
  A hobgoblin (D:3)
  4 frilled lizards
8 creatures vanquished.

Grand Total: 115 creatures vanquished

Table legend: (Time is in decaauts)
 A = Elapsed time spent in this place.
 B = Non-inter-level travel time spent in this place.
 C = Inter-level travel time spent in this place.
 D = Time resting spent in this place.
 E = Time spent auto-exploring this place.
 F = Levels seen in this place.
 G = Mean time per level.
                   A        B        C        D        E       F      G
               +--------+--------+--------+--------+--------+-----+--------+
         Total |   5092 |   4957 |    135 |    345 |   3483 |   6 |  848.7 |
       Dungeon |   3097 |   2962 |    135 |     41 |   2299 |   4 |  774.2 |
         Sewer |    775 |    775 |      0 |    189 |    397 |   1 |  775.0 |
       Ossuary |   1219 |   1219 |      0 |    115 |    787 |   1 | 1219.0 |
               +--------+--------+--------+--------+--------+-----+--------+

Top non-repeatable levels by time:
     D:2: 1257 daAuts
 Ossuary: 1219 daAuts
     D:1: 906 daAuts
   Sewer: 775 daAuts
     D:3: 721 daAuts
     D:6: 211 daAuts

Table legend:
 A = Non-vault XP
 B = Vault XP
 C = Vault XP percentage of total XP
 D = Non-vault monster count
 E = Vault monster count
 F = Vault count percentage of total count
                 A         B        C        D         E       F
            +---------+---------+-------+---------+---------+-------
      Total |     109 |     772 |  87.6 |      56 |      59 |  51.3
            +---------+---------+-------+---------+---------+-------
        D:1 |      42 |       0 |   0.0 |      25 |       0 |   0.0
        D:2 |      23 |       0 |   0.0 |      10 |       0 |   0.0
        D:3 |      34 |      19 |  35.8 |      20 |       6 |  23.1
        D:6 |      10 |       0 |   0.0 |       1 |       0 |   0.0
      Sewer |       0 |     193 | 100.0 |       0 |      32 | 100.0
    Ossuary |       0 |     560 | 100.0 |       0 |      21 | 100.0
            +---------+---------+-------+---------+---------+-------
